 Dungeon Crawl Stone Soup version 0.20.1-1-g8b1a95d (webtiles) character file.

428 letownia2 the Grave Robber (level 6, 0/52 HPs)
             Began as a Deep Dwarf Necromancer on Dec 21, 2017.
             Killed by nerve-wracking pain
             ... invoked by a shadow imp
              (6 damage)
             ... on level 5 of the Dungeon.
             The game lasted 00:06:43 (3090 turns).

letownia2 the Grave Robber (Deep Dwarf Necromancer) Turns: 3090, Time: 00:06:43

Health: 0/52       AC:  3    Str: 12    XL:     6   Next: 65%
Magic:  10/10      EV: 12    Int: 17    God:
Gold:   106        SH:  0    Dex: 13    Spells: 7/11 levels left

rFire    . . .     SeeInvis +   e - +0 dagger
rCold    . . .     Gourm    .   (no shield)
rNeg     . . .     Faith    .   g - +0 leather armour
rPois    .         Spirit   .   (no helmet)
rElec    .         Reflect  .   d - scarf {repulsion}
rCorr    .         Harm     .   (no gloves)
MR       .....                  (no boots)
Stlth    ++........             (no amulet)
Regen    0.0/turn               f - ring of see invisible
MPRegen  0.2/turn               (no ring)

@: non-regenerating, repel missiles
A: damage resistance, heal wounds, sense surroundings 1, no regeneration
a: Heal Wounds


You were on level 5 of the Dungeon.
You were not hungry.

You visited 1 branch of the dungeon, and saw 5 of its levels.

You collected 106 gold pieces.

Inventory:

Hand Weapons
 e - a +0 dagger (weapon)
 r - a +0 war axe
 s - a +0 shortbow
Missiles
 t - 17 arrows
Armour
 a - a +0 robe
 d - a scarf of repulsion (worn)
 g - a +0 leather armour (worn)
Jewellery
 f - a ring of see invisible (left hand)
Wands
 l - a wand of confusion (35/48)
Scrolls
 i - 3 scrolls of identify {unknown}
 j - 2 scrolls of blinking {unknown}
 m - a scroll of enchant weapon {unknown}
 o - a scroll of amnesia {unknown}
Potions
 h - a potion of might {unknown}
 n - a potion of agility {unknown}
 p - a potion of curing {unknown}
 q - a potion of brilliance {unknown}
Books
 b - a book of Necromancy

   Spells                             Type                      Level
   a - Pain                           Necromancy                   1
   b - Animate Skeleton               Necromancy                   1
   c - Vampiric Draining              Necromancy                   3
   d - Regeneration                   Charms/Necromancy            3
   e - Animate Dead                   Necromancy                   4
   f - Control Undead                 Necromancy                   4
Comestibles
 c - 2 bread rations
 k - a meat ration


   Skills:
 + Level 2.1 Fighting
 - Level 2.1 Dodging
 - Level 2.4 Stealth
 + Level 3.2 Spellcasting
 - Level 7.4 Necromancy


You had 7 spell levels left.
You knew the following spells:

 Your Spells              Type           Power        Failure   Level  Hunger
a - Pain                  Necr           ####         1%          1    None
v - Vampiric Draining     Necr           ####......   3%          3    ###....


Dungeon Overview and Level Annotations

Branches:
Dungeon (5/15)
 Temple: D:4-7

Altars:
Ashenzari
Kikubaaqudgha
Makhleb
Qazlal
Ru
The Shining One

Annotations:
D:4 exclusion: hound
D:5 Alarion00's ghost, novice HOFi


Innate Abilities, Weirdness & Mutations

You are resistant to damage.
You can heal yourself by infusing magical energy.
You passively map a small area around you.
You do not regenerate.


Message History

The shadow imp is moderately wounded.
The shadow imp barely misses you.
You hit the shadow imp.
The shadow imp is heavily wounded.
The shadow imp hits you.
You hit the shadow imp.
The shadow imp is severely wounded.
The shadow imp barely misses you.
You hit the shadow imp but do no damage.
The shadow imp is severely wounded.
The shadow imp misses you.
Unknown command.
You barely miss the shadow imp.
The shadow imp is heavily wounded.
The shadow imp hits you.
You barely miss the shadow imp.
The shadow imp is heavily wounded.
The shadow imp gestures at you. Pain shoots through your body!
You die...

## * .., ,, , .# *
#############.###### *
#...........#.......
#####.#########.#5...###
*
......########..@......#
*
######..........(.†.....
#.#######.......).# #.#
##.###..### #.# #!# *..#
,* #.# #.# ## #.# #.. ,
* * * #.# ## , , #.# * *
*


You could see a shadow imp.

Vanquished Creatures
  A centaur (D:5)
  2 scorpions
  A hound (D:5)
  An orc priest (D:4)
  2 worker ants (D:4)
  Natasha (D:4)
  An orc wizard (D:4)
  A hound zombie (D:5)
  3 adders
  An adder skeleton (D:4)
  An adder zombie (D:4)
  9 dart slugs
  A leopard gecko (D:5)
  3 orcs (D:4)
  A bat (D:1)
  A giant cockroach (D:4)
  3 goblins
  3 hobgoblins
  3 quokkas
  A frilled lizard (D:4)
  A kobold (D:1)
  A leopard gecko skeleton (D:4)
  3 rats
45 creatures vanquished.

Vanquished Creatures (others)
  A dart slug (D:4)
1 creature vanquished.

Grand Total: 46 creatures vanquished

Notes
Turn   | Place    | Note
-------+----------+-------------------------------------------
     0 | D:1      | letownia2 the Deep Dwarf Necromancer began the quest for the Orb.
     0 | D:1      | Reached XP level 1. HP: 15/15 MP: 3/3
   396 | D:2      | Reached XP level 2. HP: 22/22 MP: 1/5
   579 | D:2      | Reached skill level 5 in Necromancy
   980 | D:4      | Reached XP level 3. HP: 20/28 MP: 2/6
   987 | D:3      | Learned a level 3 spell: Vampiric Draining
  1265 | D:4      | Noticed a scorpion
  1349 | D:3      | Killed a scorpion
  1349 | D:3      | Reached skill level 6 in Necromancy
  1349 | D:3      | Reached XP level 4. HP: 35/36 MP: 0/7
  1496 | D:3      | Found a shattered altar of Ashenzari.
  1593 | D:4      | Found an ancient bone altar of Kikubaaqudgha.
  1595 | D:4      | Found a sacrificial altar of Ru.
  1596 | D:4      | Found a glowing golden altar of the Shining One.
  1778 | D:4      | Reached XP level 5. HP: 41/42 MP: 4/8
  1803 | D:4      | Reached skill level 7 in Necromancy
  1960 | D:4      | Noticed Natasha
  1976 | D:4      | Killed Natasha
  2226 | D:4      | Found a burning altar of Makhleb.
  2414 | D:4      | Reached skill level 1 in Fighting
  2414 | D:4      | Reached XP level 6. HP: 36/51 MP: 0/9
  2767 | D:5      | Entered Level 5 of the Dungeon
  2820 | D:5      | Noticed Alarion00's ghost (novice HOFi)
  2961 | D:5      | Found a stormy altar of Qazlal.
  3090 | D:5      | Killed from afar by a shadow imp

Skill      XL: |  1  2  3  4  5  6 |
---------------+-------------------+-----
Spellcasting   | 2 3 |  3.2
Necromancy     | 5 6 7 |  7.4
Fighting       | 1 2 |  2.1
Dodging        | |  2.1
Stealth        | |  2.4

Action                   |  1- 3 |  4- 6 || total
-------------------------+-------+-------++-------
Melee: Unarmed           |     5 |       ||     5
       Dagger            |    10 |    68 ||    78
 Cast: Pain              |    60 |    41 ||   101
       Vampiric Draining |     4 |     8 ||    12
  Eat: Chunk             |     3 |     7 ||    10
Armor: Robe              |     8 |       ||     8
       Leather armour    |     5 |    14 ||    19
Dodge: Dodged            |    60 |    50 ||   110
       Deflected         |     9 |     1 ||    10
